 Dungeon Crawl Stone Soup version 0.20.0-15-g7f486f2 (webtiles) character file.

105733 speedstein the Severer (level 15, -11/139 HPs)
             Began as a Minotaur Fighter on June 25, 2017.
             Was a High Priest of Makhleb.
             Mangled by a tarantella (16 damage)
             ... on level 4 of the Spider Nest.
             The game lasted 01:13:06 (24416 turns).

speedstein the Severer (Minotaur Fighter)          Turns: 24416, Time: 01:13:07

Health: -11/139    AC: 17    Str: 28    XL:     15   Next: 95%
Magic:  24/24      EV: 12    Int:  5    God:    Makhleb [*****.]
Gold:   819        SH:  0    Dex: 11    Spells: 14/14 levels left

rFire    + + .     SeeInvis +   v - +0 battleaxe
rCold    + . .     Gourm    .   (shield currently unavailable)
rNeg     . . .     Faith    .   P - +2 plate armour {rF+}
rPois    .         Spirit   .   (helmet restricted)
rElec    .         Reflect  .   V - scarf {repulsion}
rCorr    .         Harm     .   e - +2 pair of gloves
MR       ++...                  G - +0 pair of boots {run}
Stlth    ..........             W - amulet of magic regeneration
Regen    0.4/turn               m - ring of Woskuolo {rF+ Dex+2 SInv Stlth+}
MPRegen  0.3/turn               I - ring of protection from cold

@: confused, corroded, flying, repel missiles, quick
A: retaliatory headbutt, horns 2, slimy green scales 1, yellow scales 1, magic
resistance 1
a: Minor Destruction, Lesser Servant of Makhleb, Major Destruction, Greater
Servant of Makhleb, Renounce Religion


You were on level 4 of the Spider Nest.
You worshipped Makhleb.
Makhleb was extremely pleased with you.
You were full.

You visited 4 branches of the dungeon, and saw 24 of its levels.
You visited 1 bazaar.

You collected 1303 gold pieces.
You spent 484 gold pieces at shops.

Notes
Turn   | Place    | Note
-------+----------+-------------------------------------------
     0 | D:1      | speedstein the Minotaur Fighter began the quest for the Orb.
     0 | D:1      | Reached XP level 1. HP: 19/19 MP: 0/0
   137 | D:1      | Huge Dmg: 4 dmg
   139 | D:1      | Reached XP level 2. HP: 15/27 MP: 1/1
   291 | D:1      | Reached skill level 3 in Axes
   924 | D:2      | Noticed Natasha
   933 | D:2      | Killed Natasha
   933 | D:2      | Reached XP level 3. HP: 30/33 MP: 2/2
   974 | D:2      | Reached skill level 4 in Axes
  1028 | D:2      | Noticed Natasha
  1040 | D:2      | Huge Dmg: 8 dmg
  1043 | D:2      | Huge Dmg: 9 dmg
  1046 | D:2      | HP: 1/34 [shadow imp[Natasha] (1)]
  1047 | D:2      | Huge Dmg: 12 dmg
  1048 | D:2      | Killed Natasha
  1048 | D:2      | Reached XP level 4. HP: 22/41 MP: 3/3
  1073 | D:2      | Noticed Terence
  1085 | D:2      | Killed Terence
  1392 | D:4      | Noticed a sky beast
  1399 | D:4      | Killed a sky beast
  1399 | D:4      | Reached skill level 5 in Fighting
  1399 | D:4      | Reached skill level 5 in Axes
  1399 | D:4      | Reached XP level 5. HP: 48/48 MP: 4/4
  1402 | D:4      | Gained mutation: You are resistant to hostile enchantments. (MR+) [mutagenic meat]
  1403 | D:4      | Gained mutation: You are partially covered in yellow scales. (AC +2) [mutagenic meat]
  1404 | D:4      | Gained mutation: You are partially covered in slimy green scales. (AC +2) [mutagenic meat]
  1426 | D:5      | Entered Level 5 of the Dungeon
  1612 | D:5      | Found a white marble altar of Elyvilon.
  1632 | D:5      | Found a bloodstained altar of Trog.
  1662 | D:5      | Noticed a centaur
  1668 | D:5      | Killed a centaur
  1668 | D:5      | Reached skill level 5 in Armour
  1668 | D:5      | Reached XP level 6. HP: 56/56 MP: 5/5
  1845 | D:6      | Reached skill level 6 in Axes
  1895 | D:6      | Found a stormy altar of Qazlal.
  1935 | D:6      | Found a sparkling altar of Nemelex Xobeh.
  1935 | D:6      | Found a hazy altar of Hepliaklqana.
  2119 | D:6      | Noticed a sky beast
  2133 | D:6      | Killed a sky beast
  2133 | D:6      | Reached XP level 7. HP: 55/63 MP: 6/6
  2147 | D:6      | Reached skill level 7 in Axes
  2282 | D:6      | Found a glowing silver altar of Zin.
  2294 | D:6      | Huge Dmg: 15 dmg
  2361 | D:6      | Huge Dmg: 9 dmg
  2364 | D:6      | Huge Dmg: 10 dmg
  2365 | D:6      | Huge Dmg: 10 dmg
  2369 | D:6      | HP: 2/63 [orc warrior/stone (8)]
  2370 | D:6      | Huge Dmg: 8 dmg
  2378 | D:6      | Huge Dmg: 5 dmg
  2378 | D:6      | HP: 1/63 [orc warrior/stone (6)]
  2379 | D:6      | Huge Dmg: 6 dmg
  2798 | D:6      | Reached skill level 8 in Axes
  2941 | D:6      | Reached XP level 8. HP: 62/71 MP: 7/7
  3074 | D:6      | You fall through a shaft for 2 floors!
  3074 | D:8      | Found a hide-covered altar of Uskayaw.
  3074 | D:8      | Noticed a dagger
  3074 | D:8      | Noticed a hand axe
  3103 | D:8      | Reached skill level 9 in Axes
  3150 | D:8      | Found a staircase to the Lair.
  3360 | D:7      | Noticed a hippogriff
  3371 | D:7      | Killed a hippogriff
  3558 | D:7      | Reached skill level 10 in Axes
  3611 | D:7      | Reached XP level 9. HP: 73/81 MP: 8/8
  4026 | D:7      | Reached skill level 11 in Axes
  4052 | D:7      | Found a staircase to the Ecumenical Temple.
  4113 | Temple   | Entered the Ecumenical Temple
  4742 | D:5      | Found a basalt altar of Yredelemnul.
  4942 | D:5      | Noticed Grinder
  4960 | D:5      | Killed Grinder
  5003 | D:5      | Noticed Eustachio
  5021 | D:5      | Killed Eustachio
  5397 | D:4      | Found a glowing golden altar of the Shining One.
  5672 | D:4      | Found a hazy altar of Hepliaklqana.
  5674 | D:4      | Found a white marble altar of Elyvilon.
  5674 | D:4      | Found a hazy altar of Hepliaklqana.
  5676 | D:4      | Found a basalt altar of Yredelemnul.
  5676 | D:4      | Found a shimmering altar of Xom.
  5676 | D:4      | Found an ancient bone altar of Kikubaaqudgha.
  5882 | D:3      | Noticed jujuben's ghost (weakling FoFi)
  5890 | D:3      | Killed jujuben's ghost
  6275 | D:3      | Reached skill level 12 in Axes
  6348 | D:2      | Noticed Natasha
  6353 | D:2      | Killed Natasha
  6896 | D:8      | Reached XP level 10. HP: 76/91 MP: 9/9
  7116 | D:8      | Found an opulent altar of Gozag.
  7311 | D:8      | Found a burning altar of Makhleb.
  7316 | D:8      | Became a worshipper of Makhleb the Destroyer
  7469 | D:9      | Found a glowing silver altar of Zin.
  7507 | D:9      | Reached skill level 1 in Invocations
  7523 | D:9      | Noticed a two-headed ogre
  7640 | D:9      | Killed a two-headed ogre
  8049 | D:9      | Noticed a two-headed ogre
  8059 | D:9      | Huge Dmg: 12 dmg
  8060 | D:9      | Huge Dmg: 10 dmg
  8060 | D:9      | Killed a two-headed ogre
  8060 | D:9      | Reached skill level 13 in Axes
  8385 | D:9      | Reached skill level 5 in Shields
  8386 | D:9      | Noticed Grum
  8398 | D:9      | Killed Grum
  8398 | D:9      | Reached skill level 10 in Fighting
  8755 | D:10     | Entered Level 10 of the Dungeon
  8786 | D:10     | Reached * piety under Makhleb
  8796 | D:10     | Got a translucent hand axe
  8797 | D:10     | Identified the cursed +1 hand axe of Certain Death {elec, rElec} (You found it on level 10 of the Dungeon)
  8977 | D:10     | Noticed a six-headed hydra
  8983 | D:10     | Huge Dmg: 20 dmg
  9179 | D:10     | Killed a six-headed hydra
  9204 | D:10     | Noticed a deep elf mage
  9207 | D:10     | Killed a deep elf mage
  9207 | D:10     | Reached XP level 11. HP: 97/100 MP: 13/13
  9216 | D:10     | Noticed a centaur warrior
  9225 | D:10     | Killed a centaur warrior
  9225 | D:10     | Reached skill level 5 in Invocations
  9337 | D:10     | Noticed a centaur warrior
  9339 | D:10     | Huge Dmg: 24 dmg
  9343 | D:10     | Killed a centaur warrior
  9347 | D:10     | Noticed an ettin
  9349 | D:10     | Huge Dmg: 24 dmg
  9350 | D:10     | Huge Dmg: 30 dmg
  9354 | D:10     | Huge Dmg: 24 dmg
  9900 | D:10     | Found Baclaz Nee's Jewellery Boutique.
 10169 | D:10     | Got a clouded pewter ring
 10181 | D:10     | Huge Dmg: 24 dmg
 10190 | D:10     | Reached skill level 14 in Axes
 10365 | D:10     | Identified the ring of Woskuolo {rF+ Dex+2 SInv Stlth+} (You found it on level 10 of the Dungeon)
 10442 | D:11     | Noticed a two-headed ogre
 10448 | D:11     | Huge Dmg: 19 dmg
 10452 | D:11     | Killed a two-headed ogre
 10863 | D:11     | Reached ** piety under Makhleb
 11075 | D:11     | Noticed a purple ugly thing
 11085 | D:11     | Killed a purple ugly thing
 11213 | D:12     | Found a flickering gateway to a bazaar.
 11222 | Bazaar   | Entered a bazaar
 11222 | Bazaar   | Found Fuomus Efro's General Store.
 11222 | Bazaar   | Found Ysazud's Antique Weapon Boutique.
 11241 | Bazaar   | Found Weniosos's Distillery.
 11252 | Bazaar   | Found Miwel's Antique Armour Shop.
 11260 | Bazaar   | Found Jiskaoco's Jewellery Shop.
 11298 | Bazaar   | Bought a pair of glowing boots for 232 gold pieces
 11308 | Bazaar   | Identified a +0 pair of boots of running (You bought it in a shop in a bazaar)
 11319 | Bazaar   | Bought a potion of resistance for 90 gold pieces
 11319 | Bazaar   | Bought a potion of agility for 36 gold pieces
 11319 | Bazaar   | Bought a potion of heal wounds for 45 gold pieces
 11319 | Bazaar   | Bought a potion of curing for 27 gold pieces
 11319 | Bazaar   | Bought 2 potions of curing for 54 gold pieces
 11610 | D:12     | Found a staircase to the Orcish Mines.
 11845 | D:12     | Noticed a two-headed ogre
 11847 | D:12     | Noticed Harold
 11916 | D:12     | Killed a two-headed ogre
 11916 | D:12     | Reached XP level 12. HP: 76/110 MP: 16/16
 11920 | D:12     | Reached *** piety under Makhleb
 11931 | D:12     | Killed Harold
 11931 | D:12     | Reached skill level 15 in Axes
 11991 | D:12     | You fall through a shaft!
 12270 | D:13     | Found a gate to the Vaults.
 12270 | D:13     | Noticed Rupert
 12270 | D:13     | Noticed Urug
 12270 | D:13     | Noticed Nessos
 12270 | D:13     | Noticed a centaur warrior
 12270 | D:13     | Noticed a centaur warrior
 12270 | D:13     | Noticed a centaur warrior
 12281 | D:12     | Reached skill level 1 in Dodging
 12286 | D:12     | Killed a centaur warrior
 12328 | D:13     | Huge Dmg: 26 dmg
 12331 | D:12     | Huge Dmg: 33 dmg
 12601 | D:12     | Killed a centaur warrior
 12768 | D:12     | Huge Dmg: 27 dmg
 12772 | D:12     | Killed Urug
 12929 | D:13     | Noticed a catoblepas
 12993 | D:14     | Huge Dmg: 17 dmg
 13233 | D:13     | Killed Nessos
 13417 | D:13     | Noticed a four-headed hydra
 13432 | D:13     | Killed a four-headed hydra
 13585 | D:14     | Noticed an eight-headed hydra
 13729 | D:10     | Huge Dmg: 37 dmg
 13730 | D:10     | Huge Dmg: 25 dmg
 14035 | Lair:1   | Entered Level 1 of the Lair of Beasts
 14185 | Lair:1   | Reached skill level 16 in Axes
 14462 | Lair:1   | Identified Waqonad's Reference Book on Moulding and Creation
 14494 | Lair:1   | Found a dark tunnel.
 14743 | Lair:2   | Reached XP level 13. HP: 118/118 MP: 19/19
 15030 | Lair:2   | Reached skill level 10 in Invocations
 15264 | Lair:2   | Huge Dmg: 51 dmg
 15482 | Lair:3   | Found a hole to the Spider Nest.
 16398 | Lair:4   | Noticed Nergalle
 16417 | Lair:4   | Killed Nergalle
 16560 | Lair:4   | Found a staircase to the Shoals.
 16578 | Lair:4   | Reached **** piety under Makhleb
 16592 | Lair:4   | Huge Dmg: 22 dmg
 16596 | Lair:4   | Reached skill level 5 in Dodging
 16796 | Lair:4   | Reached skill level 17 in Axes
 17094 | Lair:4   | Huge Dmg: 27 dmg
 17468 | D:13     | Killed Rupert
 17524 | D:13     | Reached XP level 14. HP: 119/129 MP: 21/21
 17863 | D:14     | Huge Dmg: 21 dmg
 18561 | D:15     | Entered Level 15 of the Dungeon
 18720 | D:15     | Reached skill level 18 in Axes
 18726 | D:15     | Reached ***** piety under Makhleb
 19224 | D:15     | Identified the Catalogue of the Dozen Runes
 19423 | D:15     | Reached XP level 15. HP: 92/137 MP: 23/23
 19430 | D:15     | Found a staircase to the Depths.
 19658 | D:10     | Huge Dmg: 32 dmg
 19664 | D:10     | Huge Dmg: 16 dmg
 19999 | Spider:1 | Entered Level 1 of the Spider Nest
 20081 | Spider:1 | Paralysed by a hornet for 2 turns
 20253 | Spider:1 | Noticed Frances
 20276 | Spider:1 | Killed Frances
 20803 | Spider:1 | Noticed Kirke
 20872 | Spider:1 | Killed Kirke
 20995 | Spider:2 | Huge Dmg: 21 dmg
 21313 | Spider:2 | Noticed Nikola
 21339 | Spider:2 | Killed Nikola
 21470 | Spider:2 | Reached skill level 19 in Axes
 21515 | Spider:2 | Huge Dmg: 22 dmg
 22182 | Spider:2 | Noticed a ghost moth
 22193 | Spider:2 | Killed a ghost moth
 22331 | Spider:2 | Noticed a ghost moth
 22345 | Spider:2 | Killed a ghost moth
 22641 | Spider:2 | Huge Dmg: 23 dmg
 22707 | Spider:2 | Huge Dmg: 14 dmg
 23359 | Spider:4 | Entered Level 4 of the Spider Nest
 23917 | Spider:3 | Huge Dmg: 56 dmg
 24307 | Spider:4 | Huge Dmg: 24 dmg
 24308 | Spider:4 | Huge Dmg: 15 dmg
 24412 | Spider:4 | Huge Dmg: 20 dmg
 24416 | Spider:4 | Huge Dmg: 47 dmg
 24416 | Spider:4 | HP: 6/139 [tarantella (6)]
 24416 | Spider:4 | Mangled by a tarantella

Inventory:

Hand Weapons
 t - the +1 hand axe of Certain Death {elec, rElec}
   (You found it on level 10 of the Dungeon)

   Occasionally, upon striking a foe, it will discharge some electrical energy
   and cause terrible harm.
   It insulates you from electricity.
 v - a +0 battleaxe (weapon)
 J - a +0 broad axe
Armour
 e - a +2 pair of gloves (worn)
 i - a +0 buckler
 l - a +0 large shield
 G - a +0 pair of boots of running (worn)
 P - a +2 plate armour of fire resistance (worn)
 V - a scarf of repulsion (worn)
Jewellery
 m - the ring of Woskuolo (left hand) {rF+ Dex+2 SInv Stlth+}
   (You found it on level 10 of the Dungeon)

   [ring of stealth]

   It affects your dexterity (+2).
   It protects you from fire.
   It lets you see invisible.
   It makes you more stealthy.
 A - an uncursed ring of flight
 F - an uncursed ring of positive energy
 I - a ring of protection from cold (right hand)
 W - an amulet of magic regeneration (around neck)
 Z - an uncursed ring of protection from fire
Wands
 a - a wand of digging (9/24)
 b - a wand of iceblast (1/15)
 c - a wand of iceblast (4/15)
 r - a wand of polymorph (14/24)
 s - a wand of flame (26/48)
 y - a wand of disintegration (3/24)
 C - a wand of lightning (2/15)
 E - a wand of lightning (12/15)
 L - a wand of acid (8/15)
 X - a wand of confusion (35/48)
Scrolls
 d - 2 scrolls of enchant armour
 j - 3 scrolls of remove curse
 n - 9 scrolls of magic mapping
 u - a scroll of fear
 w - 7 scrolls of teleportation
 K - 4 scrolls of fog
 Q - 2 scrolls of torment
 U - 2 scrolls of vulnerability
 Y - a scroll of recharging
Potions
 h - a potion of ambrosia {!e}
 o - 2 potions of mutation {!q}
 p - 2 potions of resistance
 x - 4 potions of haste
 B - 4 potions of curing
 H - 3 potions of cancellation
 N - a potion of berserk rage
 O - 3 potions of invisibility
 R - a potion of might
 S - a potion of agility
 T - 2 potions of heal wounds
Miscellaneous
 g - a box of beasts
 M - a fan of gales (inert)
Comestibles
 f - 17 bread rations
 k - 12 meat rations
 z - 27 fruits

Table legend:
 A = Turns spent in this place as a percentage of turns spent in the entire game.
 B = Non-inter-level travel turns spent in this place as a percentage of non-inter-level travel turns spent in the entire game.
 C = Inter-level travel turns spent in this place as a percentage of turns spent in this place.
 D = Turns resting spent in this place as a percentage of non-inter-level travel turns spent in this place.
 E = Turns spent auto-exploring this place as a percentage of non-inter-level travel turns spent in this place.
 F = Non-inter-level travel turns spent in this place divided by the number of levels of this place that you've seen.
                   A       B       C       D       E      F
               +-------+-------+-------+-------+-------+----------------------
         Total | 100.0 | 100.0 |   0.8 |   2.1 |   9.3 | 332.2
       Dungeon |  65.1 |  65.0 |   1.0 |   1.6 |  10.8 | 359.9
        Temple |   0.2 |   0.1 |   7.7 |   0.0 |  83.3 |  12.0
          Lair |  15.5 |  15.5 |   0.5 |   1.3 |  11.1 | 322.2
   Spider Nest |  18.8 |  18.9 |   0.3 |   4.5 |   1.3 | 393.2
        Bazaar |   0.4 |   0.4 |   0.0 |   0.0 |  37.5 |  32.0
               +-------+-------+-------+-------+-------+----------------------


   Skills:
 + Level 14.8 Fighting
 * Level 19.6 Axes
 - Level 9.5 Armour
 + Level 9.6 Dodging
 - Level 7.8 Shields
 * Level 14.5 Invocations


You had 14 spell levels left.
You didn't know any spells.

Dungeon Overview and Level Annotations

Branches:
Dungeon (15/15) Temple (1/1) D:7 Lair (4/6) D:8 Shoals (0/4) Lair:4 Spider (4/4) Lair:3 Orc (0/2) D:12 Vaults (0/5) D:12 D:13 Depths (0/5) D:15

Altars:
Ashenzari
Cheibriados
Dithmenos
Elyvilon
Fedhas
Gozag
Hepliaklqana
Kikubaaqudgha
Makhleb
Nemelex Xobeh
Okawaru
Qazlal
Ru
Sif Muna
Trog
Uskayaw
Vehumet
Xom
Yredelemnul
Zin
The Shining One

Shops:
D:10 =

Annotations:
D:13 4 exclusions


Innate Abilities, Weirdness & Mutations

You reflexively headbutt those who attack you in melee.
You have a pair of horns on your head.
You are partially covered in slimy green scales. (AC +2)
You are partially covered in yellow scales. (AC +2)
You are resistant to hostile enchantments. (MR+)


Message History

The moth of wrath barely misses you!!! You furiously retaliate!!!!!!!!!
You headbutt the moth of wrath!!!!!!!!!
The spectral tarantella completely misses you!!!
Huge Dmg: -34%(-47hp) hp: 9%(12hp)
As you read the scroll of fear, it crumbles to dust!!!
You assume a fearsome visage!!!
The entropy weaver looks frightened!!!!!!!!!
The spectral tarantella is unaffected!!!
The moth of wrath looks frightened!!!!!!!!!
The orb spider looks frightened!!!!!!!!!
The redback bites you but does no damage!!!
The tarantella bites you!!! * * * don't die
* * * The tarantella bites you but does no damage!!!
The redback completely misses you!!!
The tarantella bites you!!! * * * don't die
* * * You are confused!!!
The spectral tarantella bites you but does no damage!!!
The tarantella bites you!!!!!!!!! rip

....^(....†....# ..^
...........8.8.# ...
..............^# .≈..
.......^†^.##.##≈.#..
..........######≈≈...
........^≈#####≈≈≈...
.........≈s##≈≈≈≈≈...
.......sss≈≈≈≈≈≈≈≈...
........@ys†≈##≈≈≈...
........sZ≈### ≈#...
..........## .. .
.......†..^# ..
.....a.)...... ^^
...........8.8.# .
...............#
...†..........#
......#...8.8.#


You could see an entropy weaver (fleeing), a moth of wrath (fleeing), a spectral
tarantella, an orb spider (fleeing), 4 tarantellas and a redback (berserk).

Table legend:
 A = Kills in this place as a percentage of kills in entire the game.
 B = Kills by you in this place as a percentage of kills by you in the entire game.
 C = Kills by friends in this place as a percentage of kills by friends in the entire game.
 D = Other kills in this place as a percentage of other kills in the entire game.
 E = Experience gained in this place as a percentage of experience gained in the entire game.
 F = Experience gained in this place divided by the number of levels of this place that you have seen.
                   A       B       C       D       E      F
               +-------+-------+-------+-------+-------+----------------------
         Total | 100.0 | 100.0 | 100.0 | 100.0 | 100.0 | 6041.9
       Dungeon |  67.8 |  69.4 |  41.0 |  50.0 |  54.1 | 5451.7
          Lair |  15.8 |  16.0 |  12.8 |   0.0 |  17.3 | 6526.5
   Spider Nest |  16.5 |  14.6 |  46.2 |  50.0 |  28.6 | 10791.8
               +-------+-------+-------+-------+-------+----------------------

Vanquished Creatures
  Monster Symbol All ' '
  The ghost of jujuben the Shield-Bearer, a weakling FoFi (D:3)
1 creature vanquished. All '5' Grinder (D:5) 8 crimson imps 3 quasits A shadow imp (D:9)
13 creatures vanquished. All '9' 3 gargoyles
3 creatures vanquished. All ';' An electric eel (D:13)
1 creature vanquished. All '@' Rupert (D:13) Frances (Spider:1) Kirke (Spider:1) Harold (D:12) Eustachio (D:5) Terence (D:2)
6 creatures vanquished. All 'C' 2 cyclopes
2 creatures vanquished. All 'D' 3 hydras A steam dragon (D:11) An acid dragon (D:14)
5 creatures vanquished. All 'E' 2 water elementals (D:13)
2 creatures vanquished. All 'F' 4 spiny frogs 3 blink frogs (Lair:1) 22 bullfrogs
29 creatures vanquished. All 'G' A great orb of eyes (D:15) 2 eyes of draining
3 creatures vanquished. All 'H' 11 hippogriffs
11 creatures vanquished. All 'J' 3 slime creatures (D:13) 6 jellies 2 oozes
11 creatures vanquished. All 'K' 6 big kobolds 30 kobolds
36 creatures vanquished. All 'N' A naga mage (D:15)
1 creature vanquished. All 'O' 16 two-headed ogres 2 ogre magi (D:15) 16 ogres
34 creatures vanquished. All 'P' 4 oklob plants (Lair:4) A fungus (Lair:4) 4 plants (Lair:4)
9 creatures vanquished. All 'S' 4 black mambas 8 water moccasins 11 adders 2 ball pythons
25 creatures vanquished. All 'T' 3 trolls
3 creatures vanquished. All 'V' A vampire (D:15)
1 creature vanquished. All 'W' A freezing wraith (D:15) 2 shadows (D:14) 3 wraiths
6 creatures vanquished. All 'Y' 2 catoblepae 4 death yaks (Lair:4) A dream sheep (Lair:2) 26 yaks An ice beast (shapeshifter) (D:15) 8 sky beasts 2 ice beasts (D:7)
44 creatures vanquished. All 'Z' A centaur simulacrum (D:15) 2 wyvern skeletons 3 centaur zombies A bullfrog zombie (D:10) 4 centaur skeletons 3 hound skeletons 2 adder skeletons 2 adder zombies (D:8) 2 leopard gecko skeletons (D:4) A quokka zombie (D:7)
21 creatures vanquished. All 'a' 13 worker ants
13 creatures vanquished. All 'b' 6 bats
6 creatures vanquished. All 'c' Nessos (D:13) 6 centaur warriors A yaktaur (D:15) 11 centaurs
19 creatures vanquished. All 'e' 3 deep elf magi
3 creatures vanquished. All 'g' Grum (D:9) 4 gnolls (D:8) 4 goblins 8 hobgoblins
17 creatures vanquished. All 'h' 6 hogs 2 black bears 10 wolves A howler monkey (D:8) 10 hounds Natasha (thrice) (D:2) 2 jackals (D:8)
34 creatures vanquished. All 'i' A spriggan (Lair:2)
1 creature vanquished. All 'k' 5 lindwurms A rime drake (Lair:4)
6 creatures vanquished. All 'l' 2 komodo dragons (Lair:4) 3 wyverns 3 basilisks 5 iguanas 4 leopard geckos 4 frilled lizards
21 creatures vanquished. All 'm' 3 merfolk sirens (Lair:4) A merfolk (Lair:4)
4 creatures vanquished. All 'n' 3 necrophages
3 creatures vanquished. All 'o' Nergalle (Lair:4) 3 orc knights 11 orc warriors 6 orc priests 9 orc wizards 43 orcs
73 creatures vanquished. All 'p' 2 wizards 12 humans
14 creatures vanquished. All 'r' 6 porcupines 4 hell rats (Lair:3) 5 river rats (Lair:3) 3 quokkas 13 rats
31 creatures vanquished. All 's' 4 orb spiders 13 wolf spiders 7 demonic crawlers 11 jumping spiders 39 redbacks 14 tarantellas 5 scorpions A giant cockroach (D:1)
94 creatures vanquished. All 't' 7 crocodiles
7 creatures vanquished. All 'u' 13 ugly things
13 creatures vanquished. All 'w' 3 worms A dart slug (D:3)
4 creatures vanquished. All 'x' 2 unseen horrors (D:15)
2 creatures vanquished. All 'y' 2 ghost moths (Spider:2) A moth of wrath (Spider:1) 6 hornets 4 vampire mosquitoes (D:13) 8 killer bees
21 creatures vanquished. All 'z' 3 wights (D:14)
3 creatures vanquished.
656 creatures vanquished. Monster Nature Uniques Rupert (D:13) Frances (Spider:1) Kirke (Spider:1) Nessos (D:13) Harold (D:12) Nergalle (Lair:4) Grinder (D:5) Eustachio (D:5) Grum (D:9) Terence (D:2) Natasha (thrice) (D:2)
13 creatures vanquished. Natural Monsters 2 ghost moths (Spider:2) A great orb of eyes (D:15) 3 hydras 16 two-headed ogres 6 centaur warriors 2 catoblepae 2 ogre magi (D:15) 4 death yaks (Lair:4) 2 unseen horrors (D:15) 2 wizards 5 lindwurms 4 orb spiders 3 deep elf magi 3 orc knights 2 cyclopes 13 wolf spiders 13 ugly things A moth of wrath (Spider:1) 4 black mambas A naga mage (D:15) 3 merfolk sirens (Lair:4) 4 spiny frogs A yaktaur (D:15) A rime drake (Lair:4) 2 komodo dragons (Lair:4) 3 trolls A merfolk (Lair:4) 11 jumping spiders 3 blink frogs (Lair:1) 6 hornets 11 hippogriffs A dream sheep (Lair:2) 3 slime creatures (D:13) 39 redbacks A spriggan (Lair:2) 14 tarantellas 3 wyverns 6 hogs 12 humans 3 basilisks 26 yaks A steam dragon (D:11) An acid dragon (D:14) 6 porcupines 8 water moccasins 2 black bears An ice beast (shapeshifter) (D:15) 11 orc warriors 8 sky beasts 2 eyes of draining 2 ice beasts (D:7) 16 ogres 10 wolves 11 centaurs 7 crocodiles 6 big kobolds 22 bullfrogs 5 scorpions 8 killer bees The ghost of jujuben the Shield-Bearer, a weakling FoFi (D:3) An electric eel (D:13) A howler monkey (D:8) 10 hounds 6 orc priests 6 jellies 5 iguanas 9 orc wizards 13 worker ants 4 gnolls (D:8) 11 adders 5 river rats (Lair:3) 2 oozes 3 worms A dart slug (D:3) 4 leopard geckos 43 orcs 2 ball pythons A giant cockroach (D:1) 4 goblins 8 hobgoblins 2 jackals (D:8) 3 quokkas 6 bats 4 frilled lizards 30 kobolds 13 rats
568 creatures vanquished. Non-Living Monsters 3 gargoyles 2 water elementals (D:13)
5 creatures vanquished. Undead Monsters A freezing wraith (D:15) 2 shadows (D:14) 3 wraiths A centaur simulacrum (D:15) A vampire (D:15) 4 vampire mosquitoes (D:13) 3 necrophages 2 wyvern skeletons 3 wights (D:14) 3 centaur zombies A bullfrog zombie (D:10) 4 centaur skeletons 3 hound skeletons 2 adder skeletons 2 adder zombies (D:8) 2 leopard gecko skeletons (D:4) A quokka zombie (D:7)
38 creatures vanquished. Demonic Monsters 7 demonic crawlers 8 crimson imps 3 quasits 4 hell rats (Lair:3) A shadow imp (D:9)
23 creatures vanquished. Plants 4 oklob plants (Lair:4) A fungus (Lair:4) 4 plants (Lair:4)
9 creatures vanquished.
656 creatures vanquished. Ascending Order Rupert (D:13) Frances (Spider:1) Kirke (Spider:1) Nessos (D:13) A great orb of eyes (D:15) Harold (D:12) Nergalle (Lair:4) A moth of wrath (Spider:1) A naga mage (D:15) A yaktaur (D:15) A rime drake (Lair:4) A freezing wraith (D:15) A merfolk (Lair:4) Grinder (D:5) A dream sheep (Lair:2) A spriggan (Lair:2) A centaur simulacrum (D:15) Eustachio (D:5) A vampire (D:15) Grum (D:9) A steam dragon (D:11) An acid dragon (D:14) An ice beast (shapeshifter) (D:15) The ghost of jujuben the Shield-Bearer, a weakling FoFi (D:3) An electric eel (D:13) A howler monkey (D:8) A bullfrog zombie (D:10) Terence (D:2) A shadow imp (D:9) A dart slug (D:3) A giant cockroach (D:1) A quokka zombie (D:7) A fungus (Lair:4) 2 ghost moths (Spider:2) 2 catoblepae 2 ogre magi (D:15) 2 unseen horrors (D:15) 2 wizards 2 cyclopes 2 komodo dragons (Lair:4) 2 shadows (D:14) 2 water elementals (D:13) 2 black bears 2 eyes of draining 2 ice beasts (D:7) 2 wyvern skeletons 2 oozes 2 adder zombies (D:8) 2 adder skeletons 2 ball pythons 2 jackals (D:8) 2 leopard gecko skeletons (D:4) 3 hydras 3 deep elf magi 3 orc knights 3 merfolk sirens (Lair:4) 3 gargoyles 3 trolls 3 blink frogs (Lair:1) 3 slime creatures (D:13) 3 wraiths 3 wyverns 3 basilisks 3 necrophages 3 wights (D:14) 3 centaur zombies 3 quasits Natasha (thrice) (D:2) 3 hound skeletons 3 worms 3 quokkas 4 death yaks (Lair:4) 4 orb spiders 4 oklob plants (Lair:4) 4 black mambas 4 spiny frogs 4 vampire mosquitoes (D:13) 4 centaur skeletons 4 hell rats (Lair:3) 4 gnolls (D:8) 4 leopard geckos 4 goblins 4 frilled lizards 4 plants (Lair:4) 5 lindwurms 5 scorpions 5 iguanas 5 river rats (Lair:3) 6 centaur warriors 6 hornets 6 hogs 6 porcupines 6 big kobolds 6 orc priests 6 jellies 6 bats 7 demonic crawlers 7 crocodiles 8 water moccasins 8 sky beasts 8 killer bees 8 crimson imps 8 hobgoblins 9 orc wizards 10 wolves 10 hounds 11 jumping spiders 11 hippogriffs 11 orc warriors 11 centaurs 11 adders 12 humans 13 wolf spiders 13 ugly things 13 worker ants 13 rats 14 tarantellas 16 two-headed ogres 16 ogres 22 bullfrogs 26 yaks 30 kobolds 39 redbacks 43 orcs
656 creatures vanquished. ----------------------------------------

Vanquished Creatures (collateral kills)
  Monster Symbol All '@' Nikola (Spider:2)
1 creature vanquished. All 'C' A cyclops (D:13)
1 creature vanquished. All 'D' 3 hydras
3 creatures vanquished. All 'F' A bullfrog (Lair:3)
1 creature vanquished. All 'a' A worker ant (D:13)
1 creature vanquished. All 'c' A centaur (D:13)
1 creature vanquished. All 'h' A wolf (Lair:3) A howler monkey (D:13)
2 creatures vanquished. All 'i' A spriggan (Lair:2)
1 creature vanquished. All 'o' Urug (D:12) 5 orcs (D:13)
6 creatures vanquished. All 'p' 3 humans (D:13)
3 creatures vanquished. All 'r' A rat (Lair:3)
1 creature vanquished. All 's' An emperor scorpion (Spider:2) 3 orb spiders 2 wolf spiders 2 jumping spiders 7 redbacks A tarantella (Spider:2)
16 creatures vanquished. All 'y' A spark wasp (Spider:4) A killer bee (D:13)
2 creatures vanquished.
39 creatures vanquished. Monster Nature Uniques Nikola (Spider:2) Urug (D:12)
2 creatures vanquished. Natural Monsters An emperor scorpion (Spider:2) A spark wasp (Spider:4) 3 hydras 3 orb spiders 2 wolf spiders A cyclops (D:13) 2 jumping spiders 7 redbacks A tarantella (Spider:2) A spriggan (Lair:2) 3 humans (D:13) A wolf (Lair:3) A centaur (D:13) A bullfrog (Lair:3) A killer bee (D:13) A howler monkey (D:13) A worker ant (D:13) 5 orcs (D:13) A rat (Lair:3)
37 creatures vanquished.
39 creatures vanquished. Ascending Order Nikola (Spider:2) An emperor scorpion (Spider:2) A spark wasp (Spider:4) Urug (D:12) A cyclops (D:13) A tarantella (Spider:2) A spriggan (Lair:2) A wolf (Lair:3) A centaur (D:13) A bullfrog (Lair:3) A killer bee (D:13) A howler monkey (D:13) A worker ant (D:13) A rat (Lair:3) 2 wolf spiders 2 jumping spiders 3 hydras 3 orb spiders 3 humans (D:13) 5 orcs (D:13) 7 redbacks
39 creatures vanquished. ----------------------------------------

Vanquished Creatures (others)
  Monster Symbol All 'P'
  3 fungi
  5 plants (Lair:4)
8 creatures vanquished. All 'o' An orc wizard (D:6)
1 creature vanquished. All 's' A tarantella (Spider:4)
1 creature vanquished.
10 creatures vanquished. Monster Nature Natural Monsters A tarantella (Spider:4) An orc wizard (D:6)
2 creatures vanquished. Plants 3 fungi 5 plants (Lair:4)
8 creatures vanquished.
10 creatures vanquished. Ascending Order A tarantella (Spider:4) An orc wizard (D:6) 3 fungi 5 plants (Lair:4)
10 creatures vanquished. ----------------------------------------

Grand Total: 705 creatures vanquished

Action                   |  1- 3 |  4- 6 |  7- 9 | 10-12 | 13-15 || total
-------------------------+-------+-------+-------+-------+-------++-------
Melee: War axe           |    85 |    81 |   354 |    20 |       ||   540
       Headbutt          |     6 |    15 |    73 |   131 |   287 ||   512
       Broad axe         |       |       |       |   615 |   745 ||  1360
       Hand axe          |       |       |       |    13 |    30 ||    43
       Battleaxe         |       |       |       |       |   344 ||   344
Invok: Lesser Servant of |       |       |       |     7 |    20 ||    27
       Greater Servant o |       |       |       |       |     3 ||     3
Evoke: Wand              |       |       |     1 |     6 |    16 ||    23
       Fan of gales      |       |       |       |       |     1 ||     1
  Use: Potion            |     3 |       |     2 |     3 |    11 ||    19
       Scroll            |       |     9 |     8 |    13 |     7 ||    37
 Stab: Invisible         |       |       |       |       |     5 ||     5
       Distracted        |       |       |       |       |     4 ||     4
       Petrified         |       |       |       |       |     2 ||     2
  Eat: Chunk             |     1 |     6 |    15 |    24 |     6 ||    52
       Royal jelly       |       |       |       |       |     8 ||     8
       Meat ration       |       |       |       |       |     3 ||     3
Armor: Scale mail        |    27 |       |       |       |       ||    27
       Chain mail        |    17 |    41 |    19 |       |       ||    77
       Plate armour      |       |       |   163 |   456 |   750 ||  1369
Dodge: Dodged            |    27 |    17 |    62 |   232 |   555 ||   893
       Deflected         |       |       |       |    10 |    13 ||    23
Block: Shield            |    49 |    34 |    69 |       |       ||   152
       Buckler           |       |       |    36 |   150 |   161 ||   347

Vault maps used:
D:1:      wheals_arrival_linesprint
D:2:      uniq_terence, uniq_crazy_yiuf_cottage, uniq_natasha
D:3:      first_bread, cheibrodos_sewer_entry_drain, serial_park_tiny_1
D:4:      old_standard_altar, nicolae_ossuary_entry_monument,
          doesnt_xom_only_xom
D:5:      bloody_trog, kennysheep_ying_yang, uniq_grinder, uniq_eustachio
D:6:      grunt_qazlal_clouds, gammafunk_temple_overflow_elements, basic_altar
D:7:      minmay_temple_entry_trees, hangedman_decor_diamond_cutter,
          st_stairs_4, eino_tiny_chamber, minmay_misc_feat_four_crosses
D:8:      dancing_weapons_uskayaw, lightli_temple_of_fire,
          nicolae_gozag_seed_capital, grunt_ogre_cave
D:9:      zin_scriptorium, uniq_grum
D:10:     serial_shops, kennysheep_mini_moat, roderic_ancient_swastika,
          minmay_evil_grid
D:12:     orc_0_dummy, serial_shops, bzr_in_the_mist, uniq_harold
D:13:     david_vaults_3, st_stairs_13, hive_lemuel
D:14:     minmay_misc_feat_room, hex_tiny
D:15:     grunt_enter_depths_magical_seal, minmay_misc_feat_rugged,
          minmay_lindwurm_lava
Temple:   eino_wide_crystal_templ
Lair:1:   enter_volcano_4, minmay_hedge_maze
Lair:2:   wad_woods_tower
Lair:3:   spider_nest_entry_a, kennysheep_abandoned_house
Lair:4:   elwin_shoals_entry_stream, grunt_forest_stairs_basic,
          minmay_lair_oklob_chamber, uniq_nergalle
Spider:1: guppyfry_hornet_nest, uniq_kirke, uniq_frances
Spider:2: uniq_nikola
Spider:4: floodkiller_spider_rune_tomb, spider_trap,
          hangedman_spider_tarantella_strand, uniq_roxanne
Bazaar:   bazaar_lake
